 Dungeon Crawl Stone Soup version 0.31.0-11-ge490571c62 (webtiles) character file.

Game seed: 13095052383235543379

770 Flugkiller the Ruffian (level 7, -4/60 HPs)
             Began as a Demigod Shapeshifter on Jan 30, 2024.
             Slain by a black bear (5 damage)
             ... on level 5 of the Dungeon.
             The game lasted 00:02:27 (4419 turns).

Flugkiller the Ruffian (Demigod Shapeshifter)       Turns: 4419, Time: 00:02:28

Health: -4/60      AC:  2    Str: 19    XL:     7   Next: 27%
Magic:  9/9        EV: 12    Int: 12    God:
Gold:   185        SH:  0    Dex: 17    Spells: 6/6 levels left

rFire   . .          .
                       - Unarmed
rCold   . . .        (no shield)
rNeg    . . .        a - +0 animal skin
rPois   .            (helmet currently unavailable)
rElec   .            (cloak currently unavailable)
rCorr   +            (gloves currently unavailable)
SInv    .            (boots currently unavailable)
Will    .....        (no amulet)
Stlth   ++           i - ring of resist corrosion
HPRegen 0.30/turn    (no ring)
MPRegen 0.11/turn

%: no passive effects
@: beast-form
A: beast (slay +2), high MP 1, forlorn, divine attributes
a: Begin Untransformation


You were on level 5 of the Dungeon.
You were a hulking beast.
You visited 1 branch of the dungeon, and saw 5 of its levels.

You collected 240 gold pieces.
You spent 55 gold pieces at shops.

Inventory:

Armour
 a - a +0 animal skin (worn)
 f - a +0 helmet
   (You found it on level 1 of the Dungeon)
 g - the +0 pair of boots of the Boiling Point {rPois}
   (You found it on level 3 of the Dungeon)

   rPois:     It protects you from poison
 k - a +0 pair of boots
   (You found it on level 1 of the Dungeon)
Jewellery
 i - a ring of resist corrosion (left hand)
   (You found it on level 1 of the Dungeon)
Talismans
 c - a beast talisman
 d - a flux talisman
Scrolls
 b - a scroll of revelation {unknown}
 e - a scroll of torment {unknown}
 j - 2 scrolls of summoning {unknown}
 m - 2 scrolls of vulnerability
 r - 4 scrolls of identify
 s - a scroll of poison {unknown}
 t - 2 scrolls of teleportation
 z - a scroll of blinking
Potions
 h - a potion of resistance {unknown}
 l - a potion of attraction {unknown}
 n - 2 potions of degeneration {unknown}
 o - 2 potions of might {unknown}
 p - a potion of mutation {unknown}
 q - a potion of curing
 u - a potion of haste {unknown}
 v - a potion of magic {unknown}
 w - a potion of heal wounds


   Skills:
 + Level 4.4 Fighting
 - Level 1.7 Dodging
 + Level 5.1 Unarmed Combat
 + Level 4.8 Shapeshifting


You had 6 spell levels left.
You didn't know any spells.
Your spell library contained the following spells:

 Spells                   Type           Power      Damage    Failure   Level
 Apportation              Tloc           0%         N/A       32%         1
 Kiss of Death            Conj/Necr      0%         2d5       32%         1
 Necrotise                Necr           0%         1d4       32%         1
 Slow                     Hex            0%         N/A       32%         1
 Sting                    Conj/Alch      0%         1d3       32%         1
 Summon Small Mammal      Summ           0%         N/A       32%         1
 Confusing Touch          Hex            0%         N/A       69%         3
 Frozen Ramparts          Ice            0%         1d1       69%         3
 Sigil of Binding         Hex            0%         N/A       69%         3
 Vampiric Draining        Necr           0%         2d6       69%         3
 Dispel Undead            Necr           0%         3d6       97%         4
 Leda's Liquefaction      Alch/Erth      0%         N/A       97%         4
 Petrify                  Alch/Erth      0%         N/A       97%         4
 Metabolic Englaciation   Hex/Ice        0%         N/A       100%        5


Dungeon Overview and Level Annotations

Branches:
Dungeon (5/15) Zot: 25598
 Temple: D:4-7

Shops:
D:1 (   D:3 !

Annotations:
D:1 2 transporters
D:3 4 runed translucent doors, Crazy Yiuf; arrururu's ghost, amateur AtFi


Innate Abilities, Weirdness & Mutations

You are a hulking beast.
Your limbs bulge with bestial killing power. (Slay +2)
You have an increased reservoir of magic. (+10% MP)
You shall have no god before yourself.
Your divine heritage dramatically boosts your attributes as you level up.


Message History

You feel sick. The adder attacks as it pursues you! The adder bites you.
You are more poisoned.
The adder poisons you!
You feel very sick. The adder barely misses you.
You closely miss the adder.
You feel sick. The adder barely misses you.
You hit the adder.
The adder is moderately wounded.
You feel sick. The adder barely misses you.
You punch the adder!
You kill the adder!
You feel sick.
You hit the orc.
The orc is moderately wounded.
You feel sick. The orc hits you with a +0 club.
You punch the orc!
You kill the orc!
You feel sick.
You feel sick.
Things that are here:
a +0 club; a +0 leather armour; an adder corpse No target in view!
You feel sick.
You start resting.
You feel sick. x2
You are no longer poisoned.
Things that are here:
a +0 club; a +0 leather armour; an adder corpse You now have 185 gold pieces (gained 12).
Found a blossoming altar of Fedhas.
Things that are here:
a +0 club; a +0 leather armour; an adder corpse
m - 2 scrolls of vulnerability (gained 1)
Found an escape hatch in the floor.
Found a hand axe.
Unknown command.
Found 5 stones.
Found a stone staircase leading down.
No target in view!
No target in view!
No target in view!
No target in view!
You pick up a book of Sloth and begin reading...
You add the spells Frozen Ramparts, Leda's Liquefaction, Petrify and Metabolic Englaciation to your library.
You see here a +0 hand axe.
You see here 5 stones.
Found 7 stones.
There is a stone staircase leading down here.
A black bear comes into view.
Found a scroll of teleportation.
You hit the black bear.
The black bear is lightly wounded.
The black bear bites you! The black bear claws you.
The black bear closely misses you.
You hit the black bear but do no damage.
The black bear is lightly wounded.
The black bear bites you. The black bear claws you.
The black bear closely misses you.
You hit the black bear.
The black bear is moderately wounded.
The black bear closely misses you. x2
The black bear claws you but does no damage.
You hit the black bear.
The black bear is moderately wounded.
The black bear closely misses you. The black bear claws you.
The black bear misses you.
You barely miss the black bear. You punch the black bear.
The black bear is heavily wounded.
The black bear bites you. The black bear barely misses you.
The black bear claws you.
You barely miss the black bear.
The black bear is heavily wounded.
You hit the black bear.
The black bear is heavily wounded.
The black bear barely misses you. The black bear claws you. x2
You hit the black bear.
The black bear is severely wounded.
The black bear goes berserk!
You are too injured to fight recklessly!
You barely miss the black bear.
The black bear is severely wounded.
The black bear bites you. The black bear misses you.
The black bear closely misses you. The black bear bites you!
* * * LOW HITPOINT WARNING * * *
The black bear claws you.
* * * LOW HITPOINT WARNING * * *
The black bear closely misses you.
You are too injured to fight recklessly!
You punch the black bear!
The black bear is almost dead.
The black bear bites you but does no damage.
The black bear claws you.
* * * LOW HITPOINT WARNING * * *
The black bear claws you but does no damage.
Unknown command.
Okay, then.
You closely miss the black bear.
The black bear is almost dead.
The black bear bites you.
* * * LOW HITPOINT WARNING * * *
The black bear claws you.
You die...

#..#
#........#..#
#........#..#
#........#..#
..? ....#..#
.. ...##..#
####.#.#.##..#
#..(.h.#.#..>#
#$h##(.).##
#...>.####
#.##### #. #.
#. .. ##


You could see a black bear (berserk).

Vanquished Creatures
  Grinder (D:4)
  Edmund (D:4)
  A sky beast (D:4)
  A phantom (D:4)
  A bombardier beetle (D:4)
  An orc priest (D:4)
  A hound (D:4)
  An orc wizard (D:4)
  12 adders
  2 ribbon worms (D:2)
  A dart slug (D:4)
  4 orcs
  10 ball pythons
  3 bats
  6 endoplasms
  3 giant cockroaches
  8 goblins
  6 hobgoblins
  5 kobolds
  A quokka (D:1)
  5 frilled lizards
  3 rats
77 creatures vanquished.

Notes
Turn   | Place    | Note
-------+----------+-------------------------------------------
     0 | D:1      | Flugkiller the Demigod Shapeshifter began the quest for the
                  | Orb.
     0 | D:1      | Reached XP level 1. HP: 15/15 MP: 3/3
    12 | D:1      | Reached skill level 1 in Fighting
   160 | D:1      | Reached XP level 2. HP: 23/23 MP: 4/4
   202 | D:1      | Found Tazoat's Antique Weapon Shoppe.
   529 | D:1      | Reached skill level 3 in Unarmed Combat
  1306 | D:2      | Reached XP level 3. HP: 15/29 MP: 5/5
  1980 | D:3      | Found Dosaz's Distillery.
  1988 | D:3      | Bought a potion of heal wounds for 55 gold pieces
  2137 | D:3      | Found a runed translucent door.
  2138 | D:3      | Noticed Crazy Yiuf
  2343 | D:3      | Identified the +0 pair of boots of the Boiling Point
                  | {rPois}
  2356 | D:3      | Found a runed translucent gate.
  2357 | D:3      | Found a runed translucent gate.
  2357 | D:3      | Noticed arrururu's ghost (amateur AtFi)
  2358 | D:3      | Found a runed translucent gate.
  2363 | D:3      | Identified the +8 ring mail of Lilacs {+Blink Str+3}
  2644 | D:3      | Reached XP level 4. HP: 36/36 MP: 6/6
  3009 | D:4      | Noticed a phantom
  3031 | D:4      | Killed a phantom
  3032 | D:4      | Reached XP level 5. HP: 10/42 MP: 7/7
  3169 | D:4      | Noticed Grinder
  3180 | D:4      | Killed Grinder
  3181 | D:4      | Reached skill level 4 in Unarmed Combat
  3181 | D:4      | Reached XP level 6. HP: 51/51 MP: 8/8
  3462 | D:4      | Noticed Edmund
  3483 | D:4      | Killed Edmund
  4054 | D:4      | Reached skill level 5 in Unarmed Combat
  4054 | D:4      | Reached XP level 7. HP: 37/59 MP: 9/9
  4323 | D:5      | Entered Level 5 of the Dungeon
  4419 | D:5      | HP: 1/60 [black bear (6)]
  4419 | D:5      | Slain by a black bear

Illustrated notes

Levels and vault maps discovered:
D:1:      spicycebolla_arrival_transporter_tutorial, layout_loops_ring,
          serial_shops, nicolae_lakefront_shop
D:2:      layout_basic
D:3:      kb_forest_paths, layout_basic, serial_shops, shop,
          basic_ecumenical_altar, biasface_ghost_orc_armoury,
          uniq_crazy_yiuf_cottage
D:4:      layout_basic, minmay_snake_closets, uniq_grinder, uniq_edmund
D:5:      layout_basic, nicolae_qazlal_beasts_of_the_sky,
          fedhas_altar_decomposition, uniq_pikel

Skill      XL: |  1  2  3  4  5  6 |
---------------+-------------------+-----
Fighting       | 1 2 3 4 |  4.4
Unarmed Combat | 3 4 5 |  5.1
Shapeshifting  | 3 4 |  4.8
Dodging        | |  1.7

Action                     |  1- 3 |  4- 6 |  7- 9 || total
---------------------------+-------+-------+-------++-------
  Melee: Unarmed           |   113 |   117 |    38 ||   268
         Punch             |     3 |     7 |     2 ||    12
    Use: Scroll            |     4 |       |       ||     4
         Potion            |       |     3 |       ||     3
   Stab: Sleeping          |     1 |     4 |       ||     5
 Armour: Animal skin       |    47 |    46 |    30 ||   123
         Skin              |       |    11 |       ||    11
  Dodge: Dodged            |    59 |    67 |    23 ||   149
